WCHLSIM.com - West Coast Hockey League
html PUBLIC "-//W3C//DTD XHTML 1.0 Transitional//EN" "http://www.w3.org/TR/xhtml1/DTD/xhtml1-transitional.dtd"> WCHL - Game 370 - REGINA FALCONS vs SEATTLE GRUNGE

REGINA FALCONS vs SEATTLE GRUNGE

Created - 5 janvier 2021 at 22:27

Goals
1 2 3 T
REGINA FALCONS 1 1 0 2
SEATTLE GRUNGE 1 0 3 4
Shots
1 2 3 T
REGINA FALCONS 11 10 8 29
SEATTLE GRUNGE 6 8 16 30

1st period

1. SEATTLE GRUNGE , Wayne Simmonds 6 (Josh Bailey 11, Chris Tierney 4) at 10:21
2. REGINA FALCONS , Corey Perry 4 (Brandon Carlo 13) at 15:16

Penalties :
Damon Severson (SEA) for Tripping (Minor) at 1:02, Morgan Geekie (SEA) for Cross-checking (Minor) at 7:44, Brenden Dillon (REG) for Hooking (Minor) at 10:51

2nd period

3. REGINA FALCONS , Brent Burns 5 (Ryan Getzlaf 25, Jonathan Audy-Marchessault 8) at 7:30

Penalties :
No Penalty

3rd period

4. SEATTLE GRUNGE , Mike Hoffman 9 (Damon Severson 6) at 15:57
5. SEATTLE GRUNGE , Josh Bailey 7 (Travis Sanheim 3, Tyler Seguin 13) at 18:28 (PP)
6. SEATTLE GRUNGE , Roman Josi 5 (David Savard 4, Morgan Geekie 1) at 18:51

Penalties :
Ivan Provorov (REG) for High sticking (Minor) at 0:44, David Savard (SEA) for Roughing (Minor) at 1:32, Wayne Simmonds (SEA) for Cross-checking (Minor) at 6:30, Travis Sanheim (SEA) for Cross-checking (Minor) at 14:04, Corey Perry (REG) for Tripping (Minor) at 14:04, Brenden Dillon (REG) for Hooking (Minor) at 17:48, David Savard (SEA) for Roughing (Minor) at 19:22

Goalie Stats

Tristan Jarry (REG), 26 saves from 30 shots - (0,867), L, 9-5-2, 60:00 minutes
Jimmy Howard (SEA), 27 saves from 29 shots - (0,931), W, 2-1-0, 60:00 minutes

Players Stats for REGINA FALCONS

Player Name              G  A  P  +/- PIM S  H  SB GA TA FO     MP     PP MP  PK MP  
------------------------------------------------------------------------------------
Anton Stralman           0  0  0   0  0   0  0  1  0  0  0/0    22:41   3:08   1:44 
Brandon Carlo            0  1  1   0  0   0  1  0  0  0  0/0    18:50   3:08   2:45 
Brenden Dillon           0  0  0   0  4   0  2  0  0  0  0/0    13:40   0:00   0:45 
Brent Burns              1  0  1  -1  0   4  3  4  0  0  0/0    23:31   4:14   0:00 
Corey Perry              1  0  1   1  2   2  1  0  0  0  0/0    11:21   0:00   0:00 
David Pastrnak           0  0  0  -3  0   5  0  1  0  0  0/0    20:24   3:13   0:00 
Denis Malgin             0  0  0   0  0   0  0  0  0  0  1/4     5:55   0:41   2:18 
Derick Brassard          0  0  0   1  0   3  1  0  0  0  1/2    16:23   0:20   0:00 
Erik Gustafsson          0  0  0   0  0   0  0  0  0  0  0/0     0:00   0:00   0:00 
Filip Zadina             0  0  0   1  0   2  0  0  0  0  0/0    12:31   0:00   1:09 
Ivan Provorov            0  0  0  -1  2   0  3  1  0  0  0/0    23:09   4:14   0:31 
Jonathan Audy-Marchessau 0  1  1   1  0   3  2  0  0  0  1/1    19:40   4:09   0:00 
Jonathan Miller          0  0  0  -2  0   2  1  0  0  0  10/26  21:36   3:13   0:00 
Marc-Edouard Vlasic      0  0  0   0  0   1  2  1  0  0  0/0    18:06   0:00   1:09 
Matt Martin              0  0  0   0  0   0  1  0  0  0  0/1     5:14   0:00   2:18 
Max Pacioretty           0  0  0  -2  0   1  1  0  0  0  0/1    21:51   3:28   0:00 
Mikael Backlund          0  0  0   1  0   2  0  0  0  0  10/22  17:55   4:09   0:00 
Ryan Getzlaf             0  1  1   0  0   4  1  1  0  0  15/26  20:32   2:53   1:09 

Players Stats for SEATTLE GRUNGE

Player Name              G  A  P  +/- PIM S  H  SB GA TA FO     MP     PP MP  PK MP  
------------------------------------------------------------------------------------
Carl Hagelin             0  0  0   1  0   1  0  0  0  0  0/1     9:55   0:00   0:49 
Chris Tierney            0  1  1   0  0   2  0  0  0  0  7/17   17:10   0:57   0:00 
Damon Severson           0  1  1   1  2   3  1  4  0  0  0/0    23:55   1:37   3:00 
David Savard             0  1  1   1  4   0  1  0  0  0  0/0    22:34   1:49   2:21 
Jason Spezza             0  0  0   0  0   0  0  0  0  0  5/8     8:06   0:00   2:41 
Josh Bailey              1  1  2   0  0   6  1  2  0  0  3/3    22:47   2:30   4:41 
Marcus Sorensen          0  0  0   1  0   0  2  0  0  0  0/1     9:06   0:00   0:00 
Matthew Grzelcyk         0  0  0   0  0   0  0  1  0  0  0/0    12:40   0:00   0:00 
Mike Hoffman             1  0  1   0  0   5  0  0  0  0  0/1    20:57   2:30   0:00 
Morgan Geekie            0  1  1   1  2   2  1  0  0  0  8/17   12:47   0:00   3:42 
Roman Josi               1  0  1   1  0   2  0  0  0  0  0/0    24:43   1:50   2:50 
Ryan Reaves              0  0  0   0  0   1  0  0  0  0  0/0     5:25   0:00   0:00 
Slater Koekkoek          0  0  0  -1  0   0  1  1  0  0  0/0    13:04   0:00   2:14 
Travis Sanheim           0  1  1   0  2   1  1  3  0  0  0/0    23:00   1:37   4:19 
Trevor Lewis             0  0  0   0  0   0  0  0  0  0  0/0     5:35   0:00   0:10 
Tyler Seguin             0  1  1   0  0   4  2  0  0  0  19/31  20:57   2:30   0:00 
Vladislav Namestnikov    0  0  0  -1  0   1  2  0  0  0  1/1    20:44   0:57   2:41 
Wayne Simmonds           1  0  1   0  2   2  2  0  0  0  2/3    15:57   0:57   0:00 

3 Stars

1 - Josh Bailey (SEA)
2 - Roman Josi (SEA)
3 - Mike Hoffman (SEA)

Power Play

REGINA FALCONS - 0 on 5 Attempt(s) - 0,00%
SEATTLE GRUNGE - 1 on 3 Attempt(s) - 33,33%

Penalty Kill

REGINA FALCONS - 2 on 3 Attempt(s) - 66,67% - Score 0 goal in Penalty Kill
SEATTLE GRUNGE - 5 on 5 Attempt(s) - 100,00% - Score 0 goal in Penalty Kill

Team Stat

REGINA FALCONS - Hits : 19 - Faceoff Wins : 38 - Blocked Shots : 9 - Penalty Minutes : 8
SEATTLE GRUNGE - Hits : 14 - Faceoff Wins : 45 - Blocked Shots : 11 - Penalty Minutes : 12

Official

Referees : Dean Morton and Michael Markovic
Linesman : Derek Wahl and Glen Cooke

Game Notes

No Game Note

Finance

Level 1 -- Attendance: 6000 (100,00%) -- Ticket Income 720 000 $
Level 2 -- Attendance: 5000 (100,00%) -- Ticket Income 375 000 $
Level 3 -- Attendance: 2733 (91,10%) -- Ticket Income 150 315 $
Level 4 -- Attendance: 5000 (100,00%) -- Ticket Income 175 000 $
Luxury Box -- Attendance: 1000 (100,00%) -- Ticket Income 240 000 $
Total Attendance: 19733 (98,67%)
Total Ticket Income: 1 660 315 $
Other Income: 581 110 $
Total Income: 2 241 425 $

REGINA FALCONS

5 vs 5 Forward 
   Center                   Left Wing                Right Wing               Time % Phy DF OF 
 1 Jonathan Miller          Max Pacioretty           David Pastrnak           36     0   1  4  
 2 Ryan Getzlaf             Jonathan Audy-MarchessaulDerick Brassard          34     0   1  4  
 3 Mikael Backlund          Filip Zadina             Corey Perry              24     0   3  2  
 4 Mikael Backlund          Matt Martin              Denis Malgin             6      0   3  2  

5 vs 5 Defense 
   Defense                  Defense                                           Time % Phy DF OF 
 1 Brent Burns              Ivan Provorov                                     38     0   3  2  
 2 Marc-Edouard Vlasic      Anton Stralman                                    34     0   4  1  
 3 Brenden Dillon           Brandon Carlo                                     18     1   2  2  
 4 Brenden Dillon           Brandon Carlo                                     10     1   2  2  

PowerPlay Forward 
   Center                   Left Wing                Right Wing               Time % Phy DF OF 
 1 Ryan Getzlaf             Jonathan Miller          David Pastrnak           55     1   1  3  
 2 Mikael Backlund          Max Pacioretty           Jonathan Audy-Marchessaul45     1   1  3  

PowerPlay Defense
   Defense                  Defense                                           Time % Phy DF OF 
 1 Brent Burns              Ivan Provorov                                     55     0   1  4  
 2 Brandon Carlo            Anton Stralman                                    45     0   1  4  

Penalty Kill 4 Players Forward 
   Center                   Wing                     Time % Phy DF OF 
 1 Denis Malgin             Matt Martin              55     1   3  1  
 2 Ryan Getzlaf             Filip Zadina             45     1   3  1  

Penalty Kill 4 Players Defense
   Defense                  Defense                  Time % Phy DF OF 
 1 Brenden Dillon           Brandon Carlo            55     1   3  1  
 2 Marc-Edouard Vlasic      Anton Stralman           45     1   3  1  

Penalty Kill - 3 Players Forward 
   Forward                                           Time % Phy DF OF 
 1 Denis Malgin                                      55     0   5  0  
 2 Jonathan Miller                                   45     0   5  0  

Penalty Kill - 3 Players Defense
   Defense                  Defense                  Time % Phy DF OF 
 1 Brenden Dillon           Brandon Carlo            55     0   5  0  
 2 Brent Burns              Ivan Provorov            45     0   5  0  

4 vs 4 Forward 
   Center                   Wing                     Time % Phy DF OF 
 1 Jonathan Miller          Max Pacioretty           55     0   1  4  
 2 Ryan Getzlaf             David Pastrnak           45     0   1  4  

4 vs 4 Defense
   Defense                  Defense                  Time % Phy DF OF 
 1 Brent Burns              Ivan Provorov            55     0   4  1  
 2 Marc-Edouard Vlasic      Anton Stralman           45     0   4  1  

Last Minutes Offensive
   Center                   Left Wing                Right Wing               Defense                  Defense                  
   Jonathan Miller          Max Pacioretty           David Pastrnak           Brent Burns              Ivan Provorov            

Last Minutes Defensive
   Center                   Left Wing                Right Wing               Defense                  Defense                  
   Ryan Getzlaf             Jonathan Miller          David Pastrnak           Brent Burns              Ivan Provorov            

Goaltenders
Starting : Tristan Jarry            
Backup : Anton Khudobin           

Extra Forwards
Normal : Jonathan Audy-Marchessault, Jonathan Miller, Mikael Backlund - PP : Jonathan Audy-Marchessault, Mikael Backlund - PK : Matt Martin
Extra Defensemen
Normal : Anton Stralman, Brent Burns, Ivan Provorov - PP : Brent Burns - PK : Anton Stralman, Marc-Edouard Vlasic
Penalty Shots
Jonathan Miller, David Pastrnak, Max Pacioretty, Jonathan Audy-Marchessault, Mikael Backlund
Custom OT Lines Forwards
Jonathan Miller, Ryan Getzlaf, David Pastrnak, Max Pacioretty, Mikael Backlund, Derick Brassard, Jonathan Audy-Marchessault, Corey Perry, Matt Martin, Denis Malgin
Custom OT Lines Defensemen
Brent Burns, Ivan Provorov, Anton Stralman, Brandon Carlo, Marc-Edouard Vlasic

Scratches
None

SEATTLE GRUNGE

5 vs 5 Forward 
   Center                   Left Wing                Right Wing               Time % Phy DF OF 
 1 Tyler Seguin             Vladislav Namestnikov    Mike Hoffman             37     1   2  2  
 2 Chris Tierney            Josh Bailey              Wayne Simmonds           34     1   2  2  
 3 Morgan Geekie            Carl Hagelin             Marcus Sorensen          23     1   2  2  
 4 Jason Spezza             Trevor Lewis             Ryan Reaves              6      1   2  2  

5 vs 5 Defense 
   Defense                  Defense                                           Time % Phy DF OF 
 1 Roman Josi               David Savard                                      40     1   2  2  
 2 Damon Severson           Travis Sanheim                                    39     1   2  2  
 3 Matthew Grzelcyk         Slater Koekkoek                                   21     1   2  2  
 4 Roman Josi               Damon Severson                                    0      1   2  2  

PowerPlay Forward 
   Center                   Left Wing                Right Wing               Time % Phy DF OF 
 1 Tyler Seguin             Mike Hoffman             Josh Bailey              55     1   2  2  
 2 Chris Tierney            Vladislav Namestnikov    Wayne Simmonds           45     1   2  2  

PowerPlay Defense
   Defense                  Defense                                           Time % Phy DF OF 
 1 Roman Josi               David Savard                                      55     1   2  2  
 2 Damon Severson           Travis Sanheim                                    45     1   2  2  

Penalty Kill 4 Players Forward 
   Center                   Wing                     Time % Phy DF OF 
 1 Morgan Geekie            Josh Bailey              55     1   4  0  
 2 Jason Spezza             Vladislav Namestnikov    45     1   4  0  

Penalty Kill 4 Players Defense
   Defense                  Defense                  Time % Phy DF OF 
 1 Roman Josi               David Savard             55     1   3  1  
 2 Damon Severson           Travis Sanheim           45     1   3  1  

Penalty Kill - 3 Players Forward 
   Forward                                           Time % Phy DF OF 
 1 Chris Tierney                                     55     0   5  0  
 2 Morgan Geekie                                     45     0   5  0  

Penalty Kill - 3 Players Defense
   Defense                  Defense                  Time % Phy DF OF 
 1 Roman Josi               Damon Severson           55     1   4  0  
 2 David Savard             Travis Sanheim           45     1   4  0  

4 vs 4 Forward 
   Center                   Wing                     Time % Phy DF OF 
 1 Tyler Seguin             Mike Hoffman             55     1   2  2  
 2 Chris Tierney            Josh Bailey              45     1   2  2  

4 vs 4 Defense
   Defense                  Defense                  Time % Phy DF OF 
 1 Roman Josi               David Savard             55     1   2  2  
 2 Damon Severson           Travis Sanheim           45     1   2  2  

Last Minutes Offensive
   Center                   Left Wing                Right Wing               Defense                  Defense                  
   Tyler Seguin             Josh Bailey              Mike Hoffman             Roman Josi               Damon Severson           

Last Minutes Defensive
   Center                   Left Wing                Right Wing               Defense                  Defense                  
   Chris Tierney            Vladislav Namestnikov    Josh Bailey              Roman Josi               Damon Severson           

Goaltenders
Starting : Jimmy Howard             
Backup : Semyon Varlamov          

Extra Forwards
Normal : Tyler Seguin, Vladislav Namestnikov, Mike Hoffman - PP : Tyler Seguin, Vladislav Namestnikov - PK : Carl Hagelin
Extra Defensemen
Normal : Matthew Grzelcyk, Slater Koekkoek, Damon Severson - PP : Matthew Grzelcyk - PK : Slater Koekkoek, Damon Severson
Penalty Shots
Tyler Seguin, Mike Hoffman, Josh Bailey, Chris Tierney, Roman Josi
Custom OT Lines Forwards
Mike Hoffman, Tyler Seguin, Josh Bailey, Vladislav Namestnikov, Wayne Simmonds, Chris Tierney, Morgan Geekie, Marcus Sorensen, Carl Hagelin, Jason Spezza
Custom OT Lines Defensemen
Roman Josi, David Savard, Damon Severson, Travis Sanheim, Matthew Grzelcyk

Scratches
Brian Boyle (Sprained Right Ankle Injury), Jake Guentzel (Lacerated Left Calf Injury)

% Time on Ice - REGINA FALCONS

Lines # - Real PCT - Wanted PCT - Time Play
Normal Forward
1 - 35% - 36% - 16:12
2 - 34% - 34% - 15:31
3 - 25% - 24% - 11:22
4 - 6% - 6% - 2:56
Normal Defense
1 - 38% - 38% - 17:39
2 - 34% - 34% - 15:44
3 - 19% - 18% - 8:44
4 - 8% - 10% - 3:54
PP Forward
1 - 44% - 55% - 3:13
2 - 56% - 45% - 4:09
PP Defense
1 - 57% - 55% - 4:14
2 - 43% - 45% - 3:08
PK Forward
1 - 67% - 55% - 2:18
2 - 33% - 45% - 1:09
PK Defense
1 - 95% - 55% - 3:16
2 - 5% - 45% - 0:11
PK3 Forward
1 - 0% - 55%
2 - 0% - 45%
PK3 Defense
1 - 0% - 55%
2 - 0% - 45%
44 Forward
1 - 69% - 55% - 2:11
2 - 31% - 45% - 0:59
44 Defense
1 - 62% - 55% - 1:57
2 - 38% - 45% - 1:13
Last Minute Offensive  - 0:00
Last Minute Defensive  - 0:00
Total
Forward - 60:00
Defense - 60:00

% Time on Ice - SEATTLE GRUNGE

Lines # - Real PCT - Wanted PCT - Time Play
Normal Forward
1 - 36% - 37% - 16:29
2 - 33% - 34% - 15:01
3 - 20% - 23% - 9:06
4 - 12% - 6% - 5:25
Normal Defense
1 - 37% - 40% - 17:14
2 - 36% - 39% - 16:31
3 - 24% - 21% - 10:50
4 - 3% - 0% - 1:26
PP Forward
1 - 72% - 55% - 2:30
2 - 28% - 45% - 0:57
PP Defense
1 - 53% - 55% - 1:50
2 - 47% - 45% - 1:37
PK Forward
1 - 64% - 55% - 4:41
2 - 36% - 45% - 2:41
PK Defense
1 - 41% - 55% - 3:03
2 - 59% - 45% - 4:19
PK3 Forward
1 - 0% - 55%
2 - 0% - 45%
PK3 Defense
1 - 0% - 55%
2 - 0% - 45%
44 Forward
1 - 62% - 55% - 1:58
2 - 38% - 45% - 1:12
44 Defense
1 - 57% - 55% - 1:48
2 - 43% - 45% - 1:22
Last Minute Offensive  - 0:00
Last Minute Defensive  - 0:00
Total
Forward - 60:00
Defense - 60:00

Play-by-Play

1st period


0:01 of 1st period - Jonathan Miller wins face-off versus Tyler Seguin in neutral zone.
0:11 of 1st period - Icing by David Savard.
0:12 of 1st period - Tyler Seguin wins face-off versus Ryan Getzlaf in SEATTLE GRUNGE zone.
0:12 of 1st period - Tyler Seguin is hit by Jonathan Audy-Marchessault.
0:33 of 1st period - Icing by Marc-Edouard Vlasic.
0:34 of 1st period - Jonathan Audy-Marchessault wins face-off versus Wayne Simmonds in REGINA FALCONS zone.
0:54 of 1st period - Jonathan Audy-Marchessault is hit by Travis Sanheim and loses puck.
1:02 of 1st period - Minor Penalty to Damon Severson for Tripping.
1:03 of 1st period - Morgan Geekie wins face-off versus Ryan Getzlaf in SEATTLE GRUNGE zone.
1:03 of 1st period - Morgan Geekie is hit by Ryan Getzlaf.
1:47 of 1st period - Shot by Jonathan Miller.
1:47 of 1st period - Deflect By David Pastrnak.
1:47 of 1st period - Shot Blocked by Travis Sanheim.
2:13 of 1st period - Shot by Mikael Backlund.
2:13 of 1st period - Shot Blocked by Slater Koekkoek.
2:15 of 1st period - Shot by Brandon Carlo.
2:15 of 1st period - Shot Blocked by Travis Sanheim.
2:29 of 1st period - Shot by Max Pacioretty.
2:29 of 1st period - Shot Misses the Net.
2:31 of 1st period - Shot by Max Pacioretty.
2:31 of 1st period - Shot Blocked by Josh Bailey.
2:58 of 1st period - Icing by Jonathan Miller.
2:59 of 1st period - Jason Spezza wins face-off versus Derick Brassard in REGINA FALCONS zone.
3:58 of 1st period - Icing by Corey Perry.
3:59 of 1st period - Jason Spezza wins face-off versus Mikael Backlund in REGINA FALCONS zone.
5:05 of 1st period - Shot by Max Pacioretty.
5:05 of 1st period - Stopped by Jimmy Howard without a rebound.
5:06 of 1st period - Tyler Seguin wins face-off versus Ryan Getzlaf in SEATTLE GRUNGE zone.
5:31 of 1st period - Shot by Ryan Getzlaf.
5:31 of 1st period - Shot Blocked by Travis Sanheim.
5:33 of 1st period - Shot by Ryan Getzlaf.
5:33 of 1st period - Shot Blocked by Damon Severson.
5:47 of 1st period - Shot by Ryan Getzlaf.
5:47 of 1st period - Stopped by Jimmy Howard with a rebound.
5:51 of 1st period - Shot by Ryan Getzlaf.
5:51 of 1st period - Shot Misses the Net.
5:58 of 1st period - Icing by Vladislav Namestnikov.
5:59 of 1st period - Tyler Seguin wins face-off versus Jonathan Miller in SEATTLE GRUNGE zone.
6:37 of 1st period - Shot by David Pastrnak.
6:37 of 1st period - Shot Blocked by Damon Severson.
6:39 of 1st period - Shot by Ivan Provorov.
6:39 of 1st period - Shot Blocked by Damon Severson.
6:41 of 1st period - Shot by Ivan Provorov.
6:41 of 1st period - Shot Misses the Net.
6:43 of 1st period - Shot by Jonathan Miller.
6:43 of 1st period - Stopped by Jimmy Howard without a rebound.
6:44 of 1st period - Morgan Geekie wins face-off versus Ryan Getzlaf in SEATTLE GRUNGE zone.
7:05 of 1st period - Shot by Ryan Getzlaf.
7:05 of 1st period - Stopped by Jimmy Howard without a rebound.
7:06 of 1st period - Chris Tierney wins face-off versus Mikael Backlund in SEATTLE GRUNGE zone.
7:13 of 1st period - Shot by Mikael Backlund.
7:13 of 1st period - Shot Misses the Net.
7:21 of 1st period - Shot by Mikael Backlund.
7:21 of 1st period - Shot Misses the Net.
7:23 of 1st period - Shot by Mikael Backlund.
7:23 of 1st period - Stopped by Jimmy Howard without a rebound.
7:24 of 1st period - Morgan Geekie wins face-off versus Jonathan Miller in SEATTLE GRUNGE zone.
7:44 of 1st period - Minor Penalty to Morgan Geekie for Cross-checking.
7:45 of 1st period - Jason Spezza wins face-off versus Mikael Backlund in SEATTLE GRUNGE zone.
7:56 of 1st period - Shot by Jonathan Audy-Marchessault.
7:56 of 1st period - Stopped by Jimmy Howard with a rebound.
7:58 of 1st period - Shot by Brent Burns.
7:58 of 1st period - Stopped by Jimmy Howard with a rebound.
8:00 of 1st period - Shot by Brent Burns.
8:00 of 1st period - Stopped by Jimmy Howard without a rebound.
8:01 of 1st period - Ryan Getzlaf wins face-off versus Carl Hagelin in SEATTLE GRUNGE zone.
9:15 of 1st period - Damon Severson is hit by Max Pacioretty and loses puck.
9:30 of 1st period - Shot by Ivan Provorov.
9:30 of 1st period - Shot Misses the Net.
9:50 of 1st period - Matthew Grzelcyk is hit by Derick Brassard and loses puck.
10:13 of 1st period - Shot by Morgan Geekie.
10:13 of 1st period - Stopped by Tristan Jarry with a rebound.
10:15 of 1st period - Shot by Morgan Geekie.
10:15 of 1st period - Stopped by Tristan Jarry without a rebound.
10:16 of 1st period - Chris Tierney wins face-off versus Jonathan Miller in REGINA FALCONS zone.
10:21 of 1st period - Shot by Wayne Simmonds.
10:21 of 1st period - Goal by Wayne Simmonds - REGINA FALCONS : 0 - SEATTLE GRUNGE : 1.
10:22 of 1st period - Mikael Backlund wins face-off versus Chris Tierney in neutral zone.
10:24 of 1st period - Off-side.
10:25 of 1st period - Ryan Getzlaf wins face-off versus Chris Tierney in neutral zone.
10:46 of 1st period - Off-side.
10:47 of 1st period - Tyler Seguin wins face-off versus Jonathan Miller in neutral zone.
10:51 of 1st period - Minor Penalty to Brenden Dillon for Hooking.
10:52 of 1st period - Josh Bailey wins face-off versus Denis Malgin in REGINA FALCONS zone.
11:28 of 1st period - Shot by Mike Hoffman.
11:28 of 1st period - Stopped by Tristan Jarry with a rebound.
11:30 of 1st period - Shot by Josh Bailey.
11:30 of 1st period - Deflect By Mike Hoffman.
11:30 of 1st period - Stopped by Tristan Jarry without a rebound.
11:31 of 1st period - Ryan Getzlaf wins face-off versus Chris Tierney in REGINA FALCONS zone.
11:31 of 1st period - Ryan Getzlaf is hit by Wayne Simmonds.
12:42 of 1st period - Off-side.
12:43 of 1st period - Josh Bailey wins face-off versus Ryan Getzlaf in neutral zone.
13:13 of 1st period - Icing by Matthew Grzelcyk.
13:14 of 1st period - Ryan Getzlaf wins face-off versus Morgan Geekie in SEATTLE GRUNGE zone.
13:19 of 1st period - Shot by Derick Brassard.
13:19 of 1st period - Stopped by Jimmy Howard with a rebound.
13:21 of 1st period - Shot by Marc-Edouard Vlasic.
13:21 of 1st period - Stopped by Jimmy Howard without a rebound.
13:22 of 1st period - Wayne Simmonds wins face-off versus Jonathan Miller in SEATTLE GRUNGE zone.
13:22 of 1st period - Wayne Simmonds is hit by Jonathan Miller.
13:32 of 1st period - Shot by Josh Bailey.
13:32 of 1st period - Shot Blocked by David Pastrnak.
13:53 of 1st period - Shot by Max Pacioretty.
13:53 of 1st period - Shot Misses the Net.
15:16 of 1st period - Shot by Corey Perry.
15:16 of 1st period - Goal by Corey Perry - REGINA FALCONS : 1 - SEATTLE GRUNGE : 1.
15:17 of 1st period - Vladislav Namestnikov wins face-off versus Denis Malgin in neutral zone.
15:24 of 1st period - Icing by Mikael Backlund.
15:25 of 1st period - Mikael Backlund wins face-off versus Tyler Seguin in REGINA FALCONS zone.
15:50 of 1st period - Shot by Tyler Seguin.
15:50 of 1st period - Shot Misses the Net.
15:52 of 1st period - Shot by Damon Severson.
15:52 of 1st period - Stopped by Tristan Jarry without a rebound.
15:53 of 1st period - Morgan Geekie wins face-off versus Jonathan Miller in REGINA FALCONS zone.
16:07 of 1st period - Marcus Sorensen is hit by Ivan Provorov and loses puck.
16:34 of 1st period - Shot by David Pastrnak.
16:34 of 1st period - Deflect By Max Pacioretty.
16:34 of 1st period - Shot Misses the Net.
16:58 of 1st period - Shot by Ryan Getzlaf.
16:58 of 1st period - Shot Misses the Net.
17:15 of 1st period - Icing by Matthew Grzelcyk.
17:16 of 1st period - Morgan Geekie wins face-off versus Mikael Backlund in SEATTLE GRUNGE zone.
17:37 of 1st period - Icing by Damon Severson.
17:38 of 1st period - Ryan Getzlaf wins face-off versus Tyler Seguin in SEATTLE GRUNGE zone.
17:38 of 1st period - Derick Brassard is hit by Damon Severson.
18:14 of 1st period - Shot by Mike Hoffman.
18:14 of 1st period - Shot Misses the Net.
18:29 of 1st period - Icing by Damon Severson.
18:30 of 1st period - Tyler Seguin wins face-off versus Max Pacioretty in SEATTLE GRUNGE zone.
19:59 of 1st period - Shot by Filip Zadina.
19:59 of 1st period - Shot Hit the Post.
Goals for this period are 1 for REGINA FALCONS vs 1 for SEATTLE GRUNGE.
Shots for this period are 11 for REGINA FALCONS vs 6 for SEATTLE GRUNGE.

2nd period


0:01 of 2nd period - Ryan Getzlaf wins face-off versus Tyler Seguin in neutral zone.
1:37 of 2nd period - Josh Bailey is hit by Marc-Edouard Vlasic and loses puck.
1:59 of 2nd period - Filip Zadina is hit by Slater Koekkoek and loses puck.
2:08 of 2nd period - Shot by Filip Zadina.
2:08 of 2nd period - Stopped by Jimmy Howard without a rebound.
2:09 of 2nd period - Mikael Backlund wins face-off versus Jason Spezza in SEATTLE GRUNGE zone.
2:12 of 2nd period - Shot by Brent Burns.
2:12 of 2nd period - Stopped by Jimmy Howard with a rebound.
2:16 of 2nd period - Shot by Mikael Backlund.
2:16 of 2nd period - Stopped by Jimmy Howard without a rebound.
2:17 of 2nd period - Mikael Backlund wins face-off versus Tyler Seguin in SEATTLE GRUNGE zone.
2:38 of 2nd period - Shot by Mikael Backlund.
2:38 of 2nd period - Shot Misses the Net.
2:40 of 2nd period - Shot by Brandon Carlo.
2:40 of 2nd period - Shot Misses the Net.
2:51 of 2nd period - Icing by Damon Severson.
2:52 of 2nd period - Jonathan Miller wins face-off versus Mike Hoffman in SEATTLE GRUNGE zone.
5:19 of 2nd period - Morgan Geekie is hit by Brenden Dillon and loses puck.
6:07 of 2nd period - Shot by David Pastrnak.
6:07 of 2nd period - Stopped by Jimmy Howard without a rebound.
6:08 of 2nd period - Wayne Simmonds wins face-off versus Ryan Getzlaf in SEATTLE GRUNGE zone.
6:21 of 2nd period - Shot by Derick Brassard.
6:21 of 2nd period - Stopped by Jimmy Howard without a rebound.
6:22 of 2nd period - Jason Spezza wins face-off versus Matt Martin in SEATTLE GRUNGE zone.
6:22 of 2nd period - Jason Spezza is hit by Matt Martin.
6:30 of 2nd period - Shot by Damon Severson.
6:30 of 2nd period - Shot Blocked by Marc-Edouard Vlasic.
6:56 of 2nd period - Shot by Ryan Reaves.
6:56 of 2nd period - Stopped by Tristan Jarry with a rebound.
7:26 of 2nd period - Shot by Jonathan Audy-Marchessault.
7:26 of 2nd period - Stopped by Jimmy Howard with a rebound.
7:28 of 2nd period - Shot by Ryan Getzlaf.
7:28 of 2nd period - Shot Misses the Net.
7:30 of 2nd period - Shot by Brent Burns.
7:30 of 2nd period - Goal by Brent Burns - REGINA FALCONS : 2 - SEATTLE GRUNGE : 1.
7:31 of 2nd period - Tyler Seguin wins face-off versus Jonathan Miller in neutral zone.
7:56 of 2nd period - Icing by Jonathan Miller.
7:57 of 2nd period - Jonathan Miller wins face-off versus Chris Tierney in REGINA FALCONS zone.
7:59 of 2nd period - Icing by David Pastrnak.
8:00 of 2nd period - Chris Tierney wins face-off versus Jonathan Miller in REGINA FALCONS zone.
9:30 of 2nd period - Shot by Tyler Seguin.
9:30 of 2nd period - Shot Blocked by Ivan Provorov.
9:32 of 2nd period - Shot by Damon Severson.
9:32 of 2nd period - Stopped by Tristan Jarry with a rebound.
9:34 of 2nd period - Shot by Mike Hoffman.
9:34 of 2nd period - Stopped by Tristan Jarry with a rebound.
9:36 of 2nd period - Shot by Vladislav Namestnikov.
9:36 of 2nd period - Shot Misses the Net.
9:38 of 2nd period - Shot by Damon Severson.
9:38 of 2nd period - Shot Blocked by Brent Burns.
9:40 of 2nd period - Shot by Vladislav Namestnikov.
9:40 of 2nd period - Shot Misses the Net.
10:24 of 2nd period - Marc-Edouard Vlasic is hit by Marcus Sorensen and loses puck.
10:36 of 2nd period - Icing by Marc-Edouard Vlasic.
10:37 of 2nd period - Chris Tierney wins face-off versus Mikael Backlund in REGINA FALCONS zone.
11:21 of 2nd period - Icing by Marc-Edouard Vlasic.
11:22 of 2nd period - Tyler Seguin wins face-off versus Mikael Backlund in REGINA FALCONS zone.
11:25 of 2nd period - Shot by Vladislav Namestnikov.
11:25 of 2nd period - Shot Misses the Net.
11:48 of 2nd period - Shot by Tyler Seguin.
11:48 of 2nd period - Stopped by Tristan Jarry without a rebound.
11:49 of 2nd period - Ryan Getzlaf wins face-off versus Morgan Geekie in REGINA FALCONS zone.
12:11 of 2nd period - Shot by Morgan Geekie.
12:11 of 2nd period - Shot Blocked by Brent Burns.
12:27 of 2nd period - Shot by Ryan Getzlaf.
12:27 of 2nd period - Shot Blocked by Matthew Grzelcyk.
12:47 of 2nd period - David Pastrnak is hit by Morgan Geekie and loses puck.
13:22 of 2nd period - Shot by Mike Hoffman.
13:22 of 2nd period - Stopped by Tristan Jarry with a rebound.
13:24 of 2nd period - Shot by Roman Josi.
13:24 of 2nd period - Shot Misses the Net.
13:50 of 2nd period - Shot by Josh Bailey.
13:50 of 2nd period - Deflect By Chris Tierney.
13:50 of 2nd period - Stopped by Tristan Jarry with a rebound.
14:06 of 2nd period - Shot by Chris Tierney.
14:06 of 2nd period - Stopped by Tristan Jarry with a rebound.
15:34 of 2nd period - Icing by David Savard.
15:35 of 2nd period - Mikael Backlund wins face-off versus Jason Spezza in SEATTLE GRUNGE zone.
16:38 of 2nd period - Ryan Getzlaf is hit by Vladislav Namestnikov.
16:56 of 2nd period - Shot by Ryan Getzlaf.
16:56 of 2nd period - Stopped by Jimmy Howard without a rebound.
16:57 of 2nd period - Chris Tierney wins face-off versus Mikael Backlund in SEATTLE GRUNGE zone.
16:59 of 2nd period - Icing by Josh Bailey.
17:00 of 2nd period - Mikael Backlund wins face-off versus Chris Tierney in SEATTLE GRUNGE zone.
17:37 of 2nd period - Shot by Josh Bailey.
17:37 of 2nd period - Stopped by Tristan Jarry without a rebound.
17:38 of 2nd period - Jonathan Miller wins face-off versus Tyler Seguin in REGINA FALCONS zone.
17:40 of 2nd period - Icing by David Pastrnak.
17:41 of 2nd period - Tyler Seguin wins face-off versus Jonathan Miller in REGINA FALCONS zone.
17:45 of 2nd period - Icing by Ivan Provorov.
17:46 of 2nd period - Tyler Seguin wins face-off versus Jonathan Miller in REGINA FALCONS zone.
18:08 of 2nd period - Shot by Jonathan Miller.
18:08 of 2nd period - Shot Misses the Net.
18:18 of 2nd period - Vladislav Namestnikov is hit by Ivan Provorov and loses puck.
19:03 of 2nd period - Shot by Jonathan Audy-Marchessault.
19:03 of 2nd period - Stopped by Jimmy Howard with a rebound.
19:22 of 2nd period - Off-side.
19:23 of 2nd period - Mikael Backlund wins face-off versus Morgan Geekie in neutral zone.
19:26 of 2nd period - Shot by Corey Perry.
19:26 of 2nd period - Stopped by Jimmy Howard without a rebound.
19:27 of 2nd period - Morgan Geekie wins face-off versus Mikael Backlund in SEATTLE GRUNGE zone.
19:54 of 2nd period - Brenden Dillon is hit by Marcus Sorensen and loses puck.
Goals for this period are 1 for REGINA FALCONS vs 0 for SEATTLE GRUNGE.
Shots for this period are 10 for REGINA FALCONS vs 8 for SEATTLE GRUNGE.

3rd period


0:01 of 3rd period - Derick Brassard wins face-off versus Tyler Seguin in neutral zone.
0:06 of 3rd period - Shot by Ryan Getzlaf.
0:06 of 3rd period - Stopped by Jimmy Howard without a rebound.
0:07 of 3rd period - Ryan Getzlaf wins face-off versus Chris Tierney in SEATTLE GRUNGE zone.
0:44 of 3rd period - Minor Penalty to Ivan Provorov for High sticking.
0:45 of 3rd period - Denis Malgin wins face-off versus Tyler Seguin in REGINA FALCONS zone.
0:53 of 3rd period - Shot by Tyler Seguin.
0:53 of 3rd period - Stopped by Tristan Jarry with a rebound.
1:02 of 3rd period - Matt Martin is hit by Josh Bailey and loses puck.
1:32 of 3rd period - Minor Penalty to David Savard for Roughing.
1:33 of 3rd period - Tyler Seguin wins face-off versus Jonathan Miller in SEATTLE GRUNGE zone.
1:42 of 3rd period - Shot by Jonathan Miller.
1:42 of 3rd period - Deflect By Max Pacioretty.
1:42 of 3rd period - Shot Misses the Net.
3:36 of 3rd period - Matthew Grzelcyk is hit by Corey Perry and loses puck.
3:47 of 3rd period - Shot by Filip Zadina.
3:47 of 3rd period - Stopped by Jimmy Howard without a rebound.
3:48 of 3rd period - Ryan Getzlaf wins face-off versus Morgan Geekie in SEATTLE GRUNGE zone.
4:04 of 3rd period - Shot by Carl Hagelin.
4:04 of 3rd period - Stopped by Tristan Jarry without a rebound.
4:05 of 3rd period - Tyler Seguin wins face-off versus Mikael Backlund in REGINA FALCONS zone.
4:42 of 3rd period - Shot by Tyler Seguin.
4:42 of 3rd period - Stopped by Tristan Jarry without a rebound.
4:43 of 3rd period - Ryan Getzlaf wins face-off versus Chris Tierney in REGINA FALCONS zone.
5:18 of 3rd period - Shot by Wayne Simmonds.
5:18 of 3rd period - Stopped by Tristan Jarry without a rebound.
5:19 of 3rd period - Jonathan Miller wins face-off versus Morgan Geekie in REGINA FALCONS zone.
5:25 of 3rd period - Icing by Jonathan Miller.
5:26 of 3rd period - Jonathan Miller wins face-off versus Tyler Seguin in REGINA FALCONS zone.
5:28 of 3rd period - Icing by David Pastrnak.
5:29 of 3rd period - Tyler Seguin wins face-off versus Jonathan Miller in REGINA FALCONS zone.
5:30 of 3rd period - Shot by Vladislav Namestnikov.
5:30 of 3rd period - Stopped by Tristan Jarry with a rebound.
6:28 of 3rd period - Max Pacioretty is hit by Wayne Simmonds and loses puck.
6:30 of 3rd period - Minor Penalty to Wayne Simmonds for Cross-checking.
6:31 of 3rd period - Mikael Backlund wins face-off versus Morgan Geekie in SEATTLE GRUNGE zone.
7:11 of 3rd period - Off-side.
7:12 of 3rd period - Jason Spezza wins face-off versus Ryan Getzlaf in neutral zone.
7:45 of 3rd period - Shot by David Pastrnak.
7:45 of 3rd period - Stopped by Jimmy Howard without a rebound.
7:46 of 3rd period - Josh Bailey wins face-off versus Mikael Backlund in SEATTLE GRUNGE zone.
7:58 of 3rd period - Icing by Max Pacioretty.
7:59 of 3rd period - Mikael Backlund wins face-off versus Morgan Geekie in REGINA FALCONS zone.
8:36 of 3rd period - Shot by Josh Bailey.
8:36 of 3rd period - Stopped by Tristan Jarry without a rebound.
8:37 of 3rd period - Tyler Seguin wins face-off versus Jonathan Miller in REGINA FALCONS zone.
8:39 of 3rd period - Vladislav Namestnikov is hit by Brent Burns and loses puck.
8:45 of 3rd period - Mike Hoffman is hit by Ivan Provorov and loses puck.
8:49 of 3rd period - Vladislav Namestnikov is hit by Brent Burns and loses puck.
8:53 of 3rd period - Tyler Seguin is hit by Brent Burns and loses puck.
9:12 of 3rd period - David Pastrnak is hit by Tyler Seguin and loses puck.
9:29 of 3rd period - Icing by Tyler Seguin.
9:30 of 3rd period - Tyler Seguin wins face-off versus Ryan Getzlaf in SEATTLE GRUNGE zone.
9:30 of 3rd period - Tyler Seguin is hit by Jonathan Audy-Marchessault.
9:38 of 3rd period - Slater Koekkoek is hit by Marc-Edouard Vlasic and loses puck.
9:51 of 3rd period - Shot by Derick Brassard.
9:51 of 3rd period - Stopped by Jimmy Howard with a rebound.
10:03 of 3rd period - Shot by Ryan Getzlaf.
10:03 of 3rd period - Shot Misses the Net.
12:16 of 3rd period - Off-side.
12:17 of 3rd period - Chris Tierney wins face-off versus Mikael Backlund in neutral zone.
12:39 of 3rd period - Off-side.
12:40 of 3rd period - Ryan Getzlaf wins face-off versus Tyler Seguin in neutral zone.
12:40 of 3rd period - Jonathan Audy-Marchessault is hit by Vladislav Namestnikov and loses puck.
13:23 of 3rd period - Shot by Tyler Seguin.
13:23 of 3rd period - Stopped by Tristan Jarry without a rebound.
13:24 of 3rd period - Jonathan Miller wins face-off versus Chris Tierney in REGINA FALCONS zone.
13:31 of 3rd period - Shot by Max Pacioretty.
13:31 of 3rd period - Shot Blocked by Damon Severson.
13:33 of 3rd period - Shot by David Pastrnak.
13:33 of 3rd period - Shot Misses the Net.
13:35 of 3rd period - Shot by David Pastrnak.
13:35 of 3rd period - Stopped by Jimmy Howard without a rebound.
13:36 of 3rd period - Mikael Backlund wins face-off versus Marcus Sorensen in SEATTLE GRUNGE zone.
14:04 of 3rd period - Minor Penalty to Travis Sanheim for Cross-checking.
14:04 of 3rd period - Minor Penalty to Corey Perry for Tripping.
14:05 of 3rd period - Tyler Seguin wins face-off versus Jonathan Miller in SEATTLE GRUNGE zone.
14:12 of 3rd period - Icing by Anton Stralman.
14:13 of 3rd period - Jonathan Miller wins face-off versus Tyler Seguin in REGINA FALCONS zone.
14:32 of 3rd period - Shot by Jonathan Miller.
14:32 of 3rd period - Stopped by Jimmy Howard with a rebound.
14:45 of 3rd period - Shot by Mike Hoffman.
14:45 of 3rd period - Shot Misses the Net.
15:36 of 3rd period - Icing by Matthew Grzelcyk.
15:37 of 3rd period - Ryan Getzlaf wins face-off versus Chris Tierney in SEATTLE GRUNGE zone.
15:44 of 3rd period - Shot by David Pastrnak.
15:44 of 3rd period - Stopped by Jimmy Howard without a rebound.
15:45 of 3rd period - Tyler Seguin wins face-off versus Ryan Getzlaf in SEATTLE GRUNGE zone.
15:52 of 3rd period - Brent Burns is hit by Tyler Seguin and loses puck.
15:57 of 3rd period - Shot by Mike Hoffman.
15:57 of 3rd period - Goal by Mike Hoffman - REGINA FALCONS : 2 - SEATTLE GRUNGE : 2.
15:58 of 3rd period - Tyler Seguin wins face-off versus Jonathan Miller in neutral zone.
16:06 of 3rd period - Tyler Seguin is hit by Brenden Dillon.
16:28 of 3rd period - Shot by Mikael Backlund.
16:28 of 3rd period - Shot Blocked by Josh Bailey.
16:40 of 3rd period - Shot by Josh Bailey.
16:40 of 3rd period - Stopped by Tristan Jarry without a rebound.
16:41 of 3rd period - Ryan Getzlaf wins face-off versus Tyler Seguin in REGINA FALCONS zone.
16:43 of 3rd period - Icing by Derick Brassard.
16:44 of 3rd period - Tyler Seguin wins face-off versus Ryan Getzlaf in REGINA FALCONS zone.
16:49 of 3rd period - Shot by Vladislav Namestnikov.
16:49 of 3rd period - Shot Blocked by Anton Stralman.
16:51 of 3rd period - Shot by Roman Josi.
16:51 of 3rd period - Shot Blocked by Ryan Getzlaf.
17:05 of 3rd period - Shot by Vladislav Namestnikov.
17:05 of 3rd period - Deflect By Mike Hoffman.
17:05 of 3rd period - Shot Misses the Net.
17:07 of 3rd period - Shot by Roman Josi.
17:07 of 3rd period - Shot Misses the Net.
17:29 of 3rd period - Shot by Roman Josi.
17:29 of 3rd period - Stopped by Tristan Jarry without a rebound.
17:30 of 3rd period - Chris Tierney wins face-off versus Jonathan Miller in REGINA FALCONS zone.
17:31 of 3rd period - Shot by Josh Bailey.
17:31 of 3rd period - Shot Blocked by Brent Burns.
17:39 of 3rd period - Shot by Wayne Simmonds.
17:39 of 3rd period - Shot Misses the Net.
17:41 of 3rd period - Shot by Damon Severson.
17:41 of 3rd period - Stopped by Tristan Jarry without a rebound.
17:42 of 3rd period - Morgan Geekie wins face-off versus Mikael Backlund in REGINA FALCONS zone.
17:44 of 3rd period - Carl Hagelin is hit by Brandon Carlo and loses puck.
17:47 of 3rd period - Shot by Damon Severson.
17:47 of 3rd period - Shot Misses the Net.
17:48 of 3rd period - Minor Penalty to Brenden Dillon for Hooking.
17:49 of 3rd period - Tyler Seguin wins face-off versus Denis Malgin in REGINA FALCONS zone.
17:50 of 3rd period - Shot by Josh Bailey.
17:50 of 3rd period - Stopped by Tristan Jarry with a rebound.
18:21 of 3rd period - Shot by Josh Bailey.
18:21 of 3rd period - Stopped by Tristan Jarry with a rebound.
18:26 of 3rd period - Shot by Travis Sanheim.
18:26 of 3rd period - Stopped by Tristan Jarry with a rebound.
18:28 of 3rd period - Shot by Josh Bailey.
18:28 of 3rd period - Goal by Josh Bailey - REGINA FALCONS : 2 - SEATTLE GRUNGE : 3.
18:29 of 3rd period - Jonathan Miller wins face-off versus Morgan Geekie in neutral zone.
18:47 of 3rd period - Shot by Morgan Geekie.
18:47 of 3rd period - Shot Blocked by Brent Burns.
18:51 of 3rd period - Shot by Roman Josi.
18:51 of 3rd period - Goal by Roman Josi - REGINA FALCONS : 2 - SEATTLE GRUNGE : 4.
18:52 of 3rd period - Ryan Getzlaf wins face-off versus Jason Spezza in neutral zone.
18:54 of 3rd period - Off-side.
18:55 of 3rd period - Jonathan Miller wins face-off versus Chris Tierney in neutral zone.
19:20 of 3rd period - Shot by David Pastrnak.
19:20 of 3rd period - Stopped by Jimmy Howard without a rebound.
19:21 of 3rd period - Ryan Getzlaf wins face-off versus Morgan Geekie in SEATTLE GRUNGE zone.
19:21 of 3rd period - Ryan Getzlaf is hit by David Savard.
19:22 of 3rd period - Minor Penalty to David Savard for Roughing.
19:23 of 3rd period - Morgan Geekie wins face-off versus Ryan Getzlaf in SEATTLE GRUNGE zone.
Goals for this period are 0 for REGINA FALCONS vs 3 for SEATTLE GRUNGE.
Shots for this period are 8 for REGINA FALCONS vs 16 for SEATTLE GRUNGE.


RYAN
NUGENT-HOPKINS
THATCHER
DEMKO
MITCHELL
MARNER

EAST COAST

HOCKEY LEAGUE

  • 13.MAN3PIT5
  • 14.NHW2ATL3
  • 15.PET5WOR4
  • 16.RHI30
  • 17.QUECHI
  • 18.CHALIM
  • 19.TRVLON
  • 20.CHWBAL